[Event "Titled Tuesday Blitz January 31 Early 2023"]
[White "Avila Pavas, Santiago"]
[Black "Bruzon Batista, Lazaro"]
[WhiteFideId "4437128"]
[BlackFideId "3503739"]
[WhiteElo "2522"]
[BlackElo "2611"]
[Result "0-1"]
[Round "07"]
[TimeControl "180+2"]
[Date "2023.01.31"]
[WhiteClock "0:00:01"]
[BlackClock "0:00:13"]

1. d4 Nf6 2. Nf3 e6 3. Bf4 b6 4. e3 Bb7 5. Nbd2 d6 6. Bd3 Nbd7 7. Qe2 a6 8. O-O-O Qe7 9. e4 e5 10. Bg3 g6 11. dxe5 Nxe5 12. Nxe5 dxe5 13. f4 Bh6 14. fxe5 Nh5 15. Bc4 O-O-O 16. Bxa6 Bxa6 17. Qxa6+ Kb8 18. Qe2 Nxg3 19. hxg3 Bxd2+ 20. Rxd2 Qxe5 21. Rxh7 Qxg3 22. Rxh8 Rxh8 23. b3 Qe5 24. Kb1 Rh1+ 25. Rd1 Rxd1+ 26. Qxd1 Qxe4 27. Qf3 Qe1+ 28. Kb2 f5 29. Qc6 Qe5+ 30. c3 g5 31. a4 g4 32. b4 f4 33. Kb3 Qf5 34. c4 f3 35. c5 Qd3+ 36. Kb2 bxc5 37. gxf3 Qd4+ 0-1


[Site "https://www.chess.com"]

[Event "Titled Tuesday Blitz January 31 Early 2023"]
[White "Bacrot, Etienne"]
[Black "Predke, Alexandr"]
[WhiteFideId "605506"]
[BlackFideId "24107581"]
[WhiteElo "2667"]
[BlackElo "2685"]
[Result "1-0"]
[Round "07"]
[TimeControl "180+2"]
[Date "2023.01.31"]
[WhiteClock "0:00:12"]
[BlackClock "0:00:01"]

1. e4 c5 2. Nf3 e6 3. c3 d5 4. exd5 Qxd5 5. d4 Nf6 6. Na3 a6 7. Nc4 Nbd7 8. Be2 cxd4 9. Qxd4 Bc5 10. Qxd5 Nxd5 11. a4 b6 12. O-O Bb7 13. Nfe5 Nxe5 14. Nxe5 f6 15. Nd3 Bd6 16. Re1 O-O-O 17. Bg4 f5 18. Bf3 Nc7 19. Bg5 Bxh2+ 20. Kxh2 Rxd3 21. Be2 Rd6 22. Bf4 e5 23. Bxe5 Rh6+ 24. Kg1 Rg6 25. f3 Re8 26. Bd3 Rf8 27. Kf2 Ne6 28. Rad1 Nc5 29. Bc2 Bc6 30. Bd6 Rf7 31. Bxc5 bxc5 32. Re5 Kc7 33. Rxc5 Rgf6 34. b4 Kb7 35. a5 g6 36. Bd3 Re7 37. Bf1 Rfe6 38. Rd2 Re3 39. Bxa6+ Kxa6 40. Rxc6+ Kb5 41. Rc5+ Ka4 42. a6 Kb3 43. Ra5 Re1 44. a7 1-0


[Site "https://www.chess.com"]

[Event "Titled Tuesday Blitz January 31 Early 2023"]
[White "Iliaguev, Nisim"]
[Black "Moroni, Luca Jr"]
[WhiteFideId "2817276"]
[BlackFideId "865834"]
[WhiteElo "2402"]
[BlackElo "2535"]
[Result "1-0"]
[Round "07"]
[TimeControl "180+2"]
[Date "2023.01.31"]
[WhiteClock "0:01:45"]
[BlackClock "0:00:08"]

1. d4 g6 2. Nf3 Bg7 3. g3 d6 4. Bg2 Bd7 5. O-O Qc8 6. h4 Nc6 7. c4 h6 8. Nc3 g5 9. hxg5 hxg5 10. Bxg5 Bh3 11. Bh4 Nxd4 12. Nxd4 Rxh4 13. e4 Bxg2 14. Kxg2 Qh3+ 15. Kf3 Bxd4 16. Qxd4 Nf6 17. Rh1 Qg4+ 18. Kg2 Rxh1 19. Rxh1 e5 20. Qe3 O-O-O 21. Qxa7 Nxe4 22. Rh4 Qg6 23. Nxe4 f5 24. Nc3 f4 25. g4 f3+ 26. Kg3 Qf7 27. Nd5 e4 28. Qa8+ Kd7 29. Qxb7 Rc8 30. Nb6+ Ke7 31. Qxe4+ Kd8 32. Rh8+ 1-0


[Site "https://www.chess.com"]

[Event "Titled Tuesday Blitz January 31 Early 2023"]
[White "Postny, Evgeny"]
[Black "Baskakov, Egor"]
[WhiteFideId "2804344"]
[BlackFideId "24197866"]
[WhiteElo "2549"]
[BlackElo "2215"]
[Result "1-0"]
[Round "07"]
[TimeControl "180+2"]
[Date "2023.01.31"]
[WhiteClock "0:00:31"]
[BlackClock "0:00:43"]

1. Nf3 Nf6 2. c4 e6 3. g3 d5 4. Bg2 Be7 5. O-O O-O 6. d4 Ne4 7. Nc3 f5 8. Qc2 c6 9. b3 Bd7 10. e3 Be8 11. Ne2 Nd7 12. Nf4 Rf6 13. Bb2 g5 14. Nd3 Rc8 15. Nfe5 Nxe5 16. Nxe5 Nd6 17. Rac1 Nf7 18. cxd5 exd5 19. f4 g4 20. h3 h5 21. hxg4 hxg4 22. Kf2 Nxe5 23. dxe5 Rf8 24. Rh1 Kg7 25. e6+ Bf6 26. Qxf5 Bg6 27. Bxf6+ Qxf6 28. Qxg4 Qb2+ 29. Qe2 Qf6 30. e7 Qxe7 31. Qb2+ Rf6 32. g4 Kf7 33. Bxd5+ cxd5 34. Rxc8 Qd7 35. Rf8+ Kxf8 36. Qxf6+ 1-0


[Site "https://www.chess.com"]

[Event "Titled Tuesday Blitz January 31 Early 2023"]
[White "Pakleza, Zbigniew"]
[Black "Lymar, Vladislav"]
[WhiteFideId "1119290"]
[BlackFideId "14162180"]
[WhiteElo "2494"]
[BlackElo "2119"]
[Result "1-0"]
[Round "07"]
[TimeControl "180+2"]
[Date "2023.01.31"]
[WhiteClock "0:00:03"]
[BlackClock "0:00:01"]

1. d4 d5 2. Bf4 c5 3. e3 Nc6 4. c3 Nf6 5. Nd2 Bf5 6. Ngf3 Qb6 7. Nh4 e6 8. Nxf5 exf5 9. Qb3 c4 10. Qxb6 axb6 11. a3 b5 12. Rb1 Be7 13. Be2 O-O 14. h3 Rfe8 15. g4 fxg4 16. hxg4 h6 17. g5 hxg5 18. Bxg5 Rad8 19. Bf3 Nh7 20. Bf4 Ng5 21. Bg2 Ne6 22. Bg3 Bd6 23. Nf1 Bxg3 24. Nxg3 g6 25. Kd2 Kg7 26. f4 Ne7 27. Rbf1 f5 28. Ne2 Rh8 29. Ng1 Rxh1 30. Bxh1 Rh8 31. Nf3 Nd8 32. Bg2 Nf7 33. Rh1 Rxh1 34. Bxh1 Kf6 35. Kc2 Kg7 36. b3 Kh6 37. a4 bxa4 38. bxa4 Kh5 39. Ne5 Nxe5 40. dxe5 Kg4 41. Kd2 g5 42. fxg5 Kxg5 43. Bf3 f4 44. e4 dxe4 45. Bxe4 b6 46. Ke2 Kg4 47. Kf2 Ng8 48. Bd5 Ne7 49. Bxc4 Kf5 50. e6 Ke4 51. Be2 Ke5 52. Bg4 Ke4 53. Bh3 Ke5 54. Kf3 Nd5 55. c4 Ne7 56. Bg4 Kd4 57. Kxf4 Kxc4 58. Ke5 Kb4 59. Kd6 Ng6 60. Bd1 1-0


[Site "https://www.chess.com"]

[Event "Titled Tuesday Blitz January 31 Early 2023"]
[White "Zahid, Sanatan"]
[Black "Makhnev, Denis"]
[WhiteFideId "10201963"]
[BlackFideId "13707647"]
[WhiteElo "1930"]
[BlackElo "2483"]
[Result "1-0"]
[Round "07"]
[TimeControl "180+2"]
[Date "2023.01.31"]
[WhiteClock "0:00:57"]
[BlackClock "0:00:20"]

1. d4 d5 2. Nc3 Nf6 3. Bf4 e6 4. Nb5 Na6 5. e3 c6 6. Nc3 Bb4 7. Bxa6 bxa6 8. Nf3 c5 9. O-O O-O 10. a3 Bxc3 11. bxc3 Ne4 12. Qe1 a5 13. c4 Ba6 14. Ne5 cxd4 15. exd4 Rc8 16. f3 Nd6 17. Qf2 Bxc4 18. Rfe1 a4 19. Rab1 Bb5 20. Nxf7 Rxf7 21. Bxd6 Qxd6 22. Rxb5 Qxa3 23. Rxe6 h6 24. h3 Qa2 25. c3 Qa1+ 26. Kh2 Qxc3 27. Rxd5 a3 28. Qa2 Qb2 29. Re2 Qb8+ 30. Kg1 Qb7 31. Rde5 Qd7 32. R2e4 Rc1+ 33. Kf2 Qb7 34. Qxa3 Rc2+ 35. Re2 Rcc7 36. Re8+ Kh7 37. Qd3+ g6 38. R8e6 Rg7 39. d5 Rcd7 40. d6 Qb6+ 41. Kg3 a5 42. h4 h5 43. R2e5 Kg8 44. Re8+ Kf7 45. Qd5+ 1-0


[Site "https://www.chess.com"]

[Event "Titled Tuesday Blitz January 31 Early 2023"]
[White "Wieczorek, Oskar"]
[Black "Svane, Rasmus"]
[WhiteFideId "1133950"]
[BlackFideId "4657101"]
[WhiteElo "2512"]
[BlackElo "2623"]
[Result "0-1"]
[Round "07"]
[TimeControl "180+2"]
[Date "2023.01.31"]
[WhiteClock "0:00:03"]
[BlackClock "0:00:11"]

1. e4 c6 2. d4 d5 3. Nd2 dxe4 4. Nxe4 Nf6 5. Nxf6+ exf6 6. Be2 Bd6 7. Bf3 O-O 8. Ne2 Qc7 9. c4 Re8 10. c5 Bf8 11. O-O Na6 12. a3 Qd8 13. Nc3 Be6 14. b4 Nc7 15. Be3 Nd5 16. Nxd5 Bxd5 17. Rb1 b5 18. cxb6 axb6 19. Bxd5 Qxd5 20. Qb3 b5 21. Rfc1 Ra6 22. Rc3 Rea8 23. Qxd5 cxd5 24. Rbb3 Bd6 25. g4 Kf8 26. Kg2 Ke7 27. h3 Kd7 28. Kf3 g6 29. Bf4 g5 30. Bxd6 Kxd6 31. Kg2 h6 32. Kf3 R6a7 33. Kg2 Ra6 34. Kf3 Kd7 35. Kg2 Ke6 36. Kf3 f5 37. Re3+ Kf6 38. gxf5 Kxf5 39. Re5+ Kf6 40. Rxd5 Rxa3 41. Rxa3 Rxa3+ 42. Kg2 Rd3 43. Rxb5 Rxd4 44. Rb6+ Kg7 45. b5 Rb4 46. Rb8 Kg6 47. b6 Kh5 48. Rf8 Kg6 49. Rb8 Kg7 50. Kg3 f5 51. b7 Rb3+ 52. Kg2 Kh7 53. Kh2 Kg7 54. Kg2 h5 55. Kh2 h4 56. Kg2 Rb5 57. Kh2 Rb4 58. Kg2 Rb2 59. Kg1 g4 60. hxg4 fxg4 61. Kg2 g3 62. Kg1 gxf2+ 63. Kg2 h3+ 64. Kf1 h2 0-1


[Site "https://www.chess.com"]

[Event "Titled Tuesday Blitz January 31 Early 2023"]
[White "Hambleton, Aman"]
[Black "Timofeev, Artyom"]
[WhiteFideId "2606577"]
[BlackFideId "4140419"]
[WhiteElo "2420"]
[BlackElo "2567"]
[Result "1-0"]
[Round "07"]
[TimeControl "180+2"]
[Date "2023.01.31"]
[WhiteClock "0:00:07"]
[BlackClock "0:00:24"]

1. d4 d5 2. Bf4 e6 3. e3 Bd6 4. Nd2 Ne7 5. Ngf3 O-O 6. Bd3 Ng6 7. Bxg6 fxg6 8. Bxd6 cxd6 9. O-O Nc6 10. c4 dxc4 11. Nxc4 g5 12. d5 g4 13. dxc6 gxf3 14. Qxd6 fxg2 15. Rfd1 Qf6 16. Qg3 bxc6 17. Ne5 c5 18. Rd6 h5 19. h4 Bb7 20. Rad1 Bf3 21. R1d2 Qf5 22. Nxf3 Qxf3 23. Qxf3 Rxf3 24. Rxe6 Rb8 25. Re4 Rf5 26. Kxg2 Rb7 27. b3 Kh7 28. Rc2 a5 29. Rec4 Rc7 30. Rd2 Rb7 31. f4 Rb4 32. Rdc2 Rb5 33. Kf3 Rd5 34. Ke4 Rd1 35. Rxc5 Rb4+ 36. R2c4 Rh1 37. Rxh5+ Kg6 38. Rxa5 Rxc4+ 39. bxc4 Rxh4 40. Ra3 Rh1 41. Rc3 Ra1 42. c5 Rxa2 43. c6 Ra8 44. c7 Rc8 45. Ke5 Kf7 46. Kd6 Ke8 47. Rb3 1-0


[Site "https://www.chess.com"]

[Event "Titled Tuesday Blitz January 31 Early 2023"]
[White "Hasangatin, Ramil"]
[Black "Svane, Frederik"]
[WhiteFideId "4122160"]
[BlackFideId "12923044"]
[WhiteElo "2457"]
[BlackElo "2600"]
[Result "0-1"]
[Round "07"]
[TimeControl "180+2"]
[Date "2023.01.31"]
[WhiteClock "0:00:04"]
[BlackClock "0:00:03"]

1. e4 b6 2. d4 Bb7 3. Bd3 g6 4. Nf3 Bg7 5. O-O d6 6. Re1 Nd7 7. c4 e6 8. Nc3 Ne7 9. Be3 O-O 10. Qd2 e5 11. Bh6 Nc6 12. Bxg7 Kxg7 13. d5 Ne7 14. h4 h6 15. h5 Nf6 16. hxg6 fxg6 17. Nh2 Bc8 18. b4 a5 19. a3 g5 20. Nf1 Ng6 21. Ne3 Nf4 22. Bf1 h5 23. c5 h4 24. bxa5 Rxa5 25. cxd6 cxd6 26. a4 Rh8 27. Bb5 g4 28. g3 Nh3+ 29. Kg2 Qg8 30. Rh1 Qh7 31. Qc2 Ra7 32. Nf5+ Bxf5 33. exf5 Qh6 34. Qc1 Qh5 35. Qc2 Qg5 36. Rad1 hxg3 37. fxg3 Qe3 38. Rhf1 Nf4+ 39. gxf4 Qh3+ 40. Kf2 Qh2+ 41. Ke1 Qxc2 42. Ne2 exf4 43. Nxf4 Qc3+ 0-1


[Site "https://www.chess.com"]

[Event "Titled Tuesday Blitz January 31 Early 2023"]
[White "Kravtsiv, Martyn"]
[Black "Klekowski, Maciej"]
[WhiteFideId "14113147"]
[BlackFideId "1132717"]
[WhiteElo "2598"]
[BlackElo "2477"]
[Result "1-0"]
[Round "07"]
[TimeControl "180+2"]
[Date "2023.01.31"]
[WhiteClock "0:01:34"]
[BlackClock "0:01:37"]

1. e4 d6 2. d4 Nd7 3. Nc3 g6 4. f4 Bg7 5. Nf3 e6 6. h4 h5 7. Be2 Ne7 8. Be3 d5 9. e5 Nf5 10. Bf2 Bf8 11. O-O a6 12. Ng5 b5 13. Bd3 c5 14. Bxf5 gxf5 15. a4 b4 16. Nxd5 exd5 17. e6 Nf6 18. Nxf7 Qc7 19. Nxh8 Bxe6 20. Ng6 c4 21. Re1 Kf7 22. Ne5+ Ke7 23. Re3 Bh6 24. Qe2 Qd6 25. Re1 Ne4 26. Qxh5 Bxf4 27. Qh7+ Ke8 28. Qh8+ Qf8 29. Qxf8+ Kxf8 30. Ng6+ 1-0


[Site "https://www.chess.com"]

[Event "Titled Tuesday Blitz January 31 Early 2023"]
[White "Jones, Gawain C B"]
[Black "Agasarov, Benik"]
[WhiteFideId "409561"]
[BlackFideId "13314823"]
[WhiteElo "2618"]
[BlackElo "2235"]
[Result "1/2-1/2"]
[Round "07"]
[TimeControl "180+2"]
[Date "2023.01.31"]
[WhiteClock "0:00:04"]
[BlackClock "0:00:07"]

1. c4 e6 2. g3 d5 3. Bg2 Nf6 4. Nf3 Be7 5. O-O O-O 6. b3 d4 7. e3 c5 8. Ne5 Nfd7 9. exd4 cxd4 10. Nd3 Nc6 11. Ba3 e5 12. b4 a5 13. b5 Nb4 14. Bxb4 axb4 15. Re1 Bd6 16. Qb3 Qa5 17. c5 Nxc5 18. Nxc5 Bxc5 19. Rxe5 Be6 20. Rxe6 fxe6 21. d3 Qxb5 22. Nd2 Kh8 23. Ne4 e5 24. Qd5 b6 25. Nd6 Qd7 26. Nf7+ Qxf7 27. Qxf7 Rxf7 28. Bxa8 g5 29. Re1 Bd6 30. Bd5 Rc7 31. Bc4 Kg7 32. Kg2 Kf6 33. Kf3 Rc5 34. Ke4 b5 35. Bb3 Rc3 36. Kd5 Bb8 37. Ke4 h5 38. Rh1 Rc8 39. f3 Rc3 40. h4 gxh4 41. Rxh4 Kg5 42. Rh1 Rc5 43. Bd5 Rc2 44. Bb3 Re2+ 45. Kd5 Re3 46. f4+ exf4 47. gxf4+ Bxf4 48. Kxd4 h4 49. Kc5 Rxd3 50. Kxb4 h3 51. Kxb5 Kh4 52. Bc4 Rd2 53. a4 h2 54. a5 Rb2+ 55. Kc6 Be3 56. Bb5 Kg3 57. a6 Rc2+ 58. Kd7 Kg2 59. Bc6+ Rxc6 60. Rxh2+ Kxh2 61. Kxc6 Kg3 62. Kb7 Kf4 63. Kb8 Ke5 64. a7 Bxa7+ 1/2-1/2


[Site "https://www.chess.com"]

[Event "Titled Tuesday Blitz January 31 Early 2023"]
[White "Szpar, Milosz"]
[Black "Grigoriants, Sergey"]
[WhiteFideId "1184989"]
[BlackFideId "4130804"]
[WhiteElo "2447"]
[BlackElo "2562"]
[Result "1-0"]
[Round "07"]
[TimeControl "180+2"]
[Date "2023.01.31"]
[WhiteClock "0:00:12"]
[BlackClock "0:00:02"]

1. e4 c5 2. c3 d5 3. exd5 Nf6 4. Qa4+ Nbd7 5. c4 a6 6. Nc3 g6 7. Nf3 Bg7 8. Qc2 b5 9. cxb5 O-O 10. a4 axb5 11. Bxb5 Nb6 12. O-O Nbxd5 13. Nxd5 Nxd5 14. Qxc5 Bb7 15. d4 Qb8 16. Bg5 Rc8 17. Qa3 h6 18. Bh4 g5 19. Bg3 Nf4 20. h4 Bf6 21. Rfe1 Bd5 22. Ne5 Nxg2 23. Nd7 Qxb5 24. axb5 Rxa3 25. Nxf6+ exf6 26. bxa3 gxh4 27. Bd6 Nxe1 28. Rxe1 Rc2 29. Rb1 Ra2 30. b6 Bb7 31. Rc1 Rb2 32. Bc5 Rb3 33. Kh2 Rb2 34. Rf1 1-0


[Site "https://www.chess.com"]

[Event "Titled Tuesday Blitz January 31 Early 2023"]
[White "Darini, Pouria"]
[Black "Kamsky, Gata"]
[WhiteFideId "12502200"]
[BlackFideId "2000024"]
[WhiteElo "2401"]
[BlackElo "2665"]
[Result "0-1"]
[Round "07"]
[TimeControl "180+2"]
[Date "2023.01.31"]
[WhiteClock "0:00:04"]
[BlackClock "0:00:16"]

1. d4 f5 2. Bg5 g6 3. Nc3 Bg7 4. Nf3 h6 5. Bd2 Nf6 6. Ne5 g5 7. e4 fxe4 8. h4 d6 9. hxg5 hxg5 10. Rxh8+ Bxh8 11. Ng6 Kf7 12. Nxh8+ Qxh8 13. Bxg5 Bf5 14. f3 Kg6 15. Qd2 exf3 16. O-O-O Nbd7 17. gxf3 e6 18. Bd3 Kf7 19. Bxf5 exf5 20. Qf4 Qh7 21. Re1 Re8 22. Rxe8 Nxe8 23. b3 a6 24. Kb2 Ng7 25. Nd5 Ne6 26. Qe3 c6 27. Nc7 Nxc7 28. Qe7+ Kg6 29. Qxd6+ Kxg5 30. Qg3+ Kf6 31. Qxc7 Nf8 32. Qd6+ Kf7 33. d5 Qg7+ 34. c3 Qf6 35. Qc7+ Qe7 36. d6 Qd7 37. Qb8 Ne6 38. a4 f4 39. b4 c5 40. Ka3 cxb4+ 41. cxb4 Qc6 42. Qh8 Qxd6 43. Qh5+ Kf6 44. Qh6+ Ke7 45. Qh7+ Kd8 46. Qh8+ Kc7 47. Qh7+ Kb8 48. Qe4 Ka7 49. a5 Nd4 50. Qh7 Nc6 51. Ka4 Qxb4# 0-1


[Site "https://www.chess.com"]

[Event "Titled Tuesday Blitz January 31 Early 2023"]
[White "Dehtiarov, Roman"]
[Black "Ozen, Bahadir"]
[WhiteFideId "14186640"]
[BlackFideId "6337058"]
[WhiteElo "2289"]
[BlackElo "2369"]
[Result "0-1"]
[Round "07"]
[TimeControl "180+2"]
[Date "2023.01.31"]
[WhiteClock "0:00:02"]
[BlackClock "0:00:39"]

1. e4 d6 2. d4 Nf6 3. Nc3 e5 4. dxe5 dxe5 5. Qxd8+ Kxd8 6. Nf3 Bd6 7. Bg5 Nd7 8. O-O-O Ke8 9. Nb5 Ke7 10. Bc4 h6 11. Bxf6+ Nxf6 12. Rhe1 Bg4 13. Be2 a6 14. Nxd6 cxd6 15. Nh4 Be6 16. Kb1 Nxe4 17. f4 g5 18. Bf3 Nc5 19. f5 gxh4 20. fxe6 fxe6 21. Re2 Rhf8 22. Re3 Rab8 23. c4 b5 24. b4 bxc4 25. a3 a5 26. Kc2 axb4 27. axb4 Rxb4 28. Ra3 d5 29. Bxd5 exd5 30. Rxd5 Ne6 31. Rxe5 Rf2+ 32. Kc1 Kd6 33. Re4 Nc5 34. Rd4+ Ke5 35. Rd2 Rxd2 36. Kxd2 Kd4 37. Rh3 Rb2+ 38. Kd1 Rxg2 39. Rxh4+ Ne4 40. Rh3 Nf2+ 0-1


[Site "https://www.chess.com"]

[Event "Titled Tuesday Blitz January 31 Early 2023"]
[White "Mirzoev, Azer"]
[Black "Harsh Suresh"]
[WhiteFideId "13400304"]
[BlackFideId "45018464"]
[WhiteElo "2416"]
[BlackElo "2298"]
[Result "0-1"]
[Round "07"]
[TimeControl "180+2"]
[Date "2023.01.31"]
[WhiteClock "0:00:02"]
[BlackClock "0:00:06"]

1. c4 g6 2. Nc3 Bg7 3. g3 d6 4. Bg2 Nf6 5. Nf3 O-O 6. O-O c6 7. d4 Bg4 8. b3 Bxf3 9. Bxf3 Nbd7 10. Bb2 Qc7 11. e3 Rfd8 12. Bg2 e5 13. Rc1 Rac8 14. Qe2 exd4 15. exd4 Re8 16. Qd2 Qa5 17. Rfd1 Qh5 18. Qc2 Bh6 19. Rb1 Re6 20. Re1 Rce8 21. Rxe6 Rxe6 22. h3 d5 23. Qd3 Nb6 24. a4 Bg7 25. Ba3 Ne4 26. Nxe4 dxe4 27. Qd1 Qf5 28. Bc1 Rd6 29. Be3 Bxd4 30. Bxd4 c5 31. Bc3 Rxd1+ 32. Rxd1 f6 33. Rd8+ Kg7 34. Rd6 e3 35. Bxf6+ Kh6 36. fxe3 Nc8 37. Rd8 Qxf6 38. Rxc8 Qe6 39. Rc7 Qxe3+ 40. Kh2 Qxb3 41. Rxb7 Qxa4 42. h4 a5 43. Bd5 Qc2+ 44. Kh3 g5 45. Rb6+ Kg7 46. hxg5 a4 47. Kh4 a3 48. Ra6 a2 49. Ra7+ Kf8 50. Ra8+ Ke7 51. Ra7+ Kd6 52. Bg8 Qe4+ 53. Kh5 Qg6+ 54. Kh4 Qxg8 55. Ra6+ Kc7 56. Rxa2 Qxc4+ 57. Kh5 Qxa2 0-1


[Site "https://www.chess.com"]

[Event "Titled Tuesday Blitz January 31 Early 2023"]
[White "Galchenko, Matvey"]
[Black "Leiva, Gianmarco"]
[WhiteFideId "24175480"]
[BlackFideId "3804399"]
[WhiteElo "2438"]
[BlackElo "2392"]
[Result "1-0"]
[Round "07"]
[TimeControl "180+2"]
[Date "2023.01.31"]
[WhiteClock "0:00:04"]
[BlackClock "0:00:01"]

1. f4 d5 2. Nf3 Nf6 3. g3 Bf5 4. Bg2 e6 5. O-O c6 6. d3 Bc5+ 7. e3 h6 8. Qe2 Nbd7 9. Nc3 O-O 10. Kh1 Bh7 11. e4 b5 12. e5 Ne8 13. g4 b4 14. Nd1 Nc7 15. h4 f5 16. g5 Bg6 17. Nh2 h5 18. Bf3 Qe8 19. Be3 Be7 20. Rg1 Kh7 21. Nf1 Rh8 22. Ng3 Kg8 23. c3 a5 24. Nf2 Bf7 25. Rac1 c5 26. c4 d4 27. Bd2 a4 28. g6 Bxg6 29. Nh3 Bxh4 30. Qg2 Rh6 31. Ne2 Ra7 32. Rcf1 a3 33. b3 Nf8 34. Bc6 Qf7 35. Ng5 Qe7 36. Nf3 Qd8 37. Qh2 Be7 38. Rg2 Ra6 39. Ba4 Rxa4 40. bxa4 Qa8 41. Nc1 Qxa4 42. Nb3 Qa8 43. Qh3 Bf7 44. Kh2 g6 45. Rfg1 Nh7 46. Nh4 Bxh4 47. Qxh4 Qf3 48. Rg3 Qe2+ 49. R3g2 Qxd3 50. Nxc5 Qxc4 51. Nb3 Nd5 52. Qd8+ Kg7 53. Rc1 Qd3 54. Rc8 g5 55. Qh8+ Kg6 56. fxg5 1-0


[Site "https://www.chess.com"]

[Event "Titled Tuesday Blitz January 31 Early 2023"]
[White "Samant Aditya S"]
[Black "Bartel, Mateusz"]
[WhiteFideId "35080580"]
[BlackFideId "1112635"]
[WhiteElo "2501"]
[BlackElo "2609"]
[Result "1-0"]
[Round "07"]
[TimeControl "180+2"]
[Date "2023.01.31"]
[WhiteClock "0:00:05"]
[BlackClock "0:00:18"]

1. e4 c6 2. d4 d5 3. Nc3 a6 4. Nf3 b5 5. Bd3 e6 6. O-O Nf6 7. e5 Nfd7 8. Ne2 c5 9. c3 Be7 10. Nf4 g6 11. a3 Nc6 12. Ne2 h5 13. Qc2 g5 14. Qd1 Bb7 15. Be3 Rg8 16. Nd2 Qb6 17. b4 c4 18. Bh7 Rg7 19. Bc2 f5 20. exf6 Nxf6 21. Ng3 h4 22. Nh5 Nxh5 23. Qxh5+ Kd7 24. Qg4 Rag8 25. a4 Bc8 26. Rfe1 Kc7 27. Qe2 Bd6 28. Nf3 Qb8 29. axb5 axb5 30. Bd2 g4 31. Ne5 g3 32. fxg3 hxg3 33. h3 Nxe5 34. dxe5 Be7 35. Be3 Kd8 36. Ra7 Bg5 37. Rxg7 Rxg7 38. Rf1 Bxe3+ 39. Qxe3 Qa7 40. Rf8+ 1-0


[Site "https://www.chess.com"]

[Event "Titled Tuesday Blitz January 31 Early 2023"]
[White "Mikaelyan, Arman"]
[Black "Alex_Sahakyan2006"]
[WhiteFideId "13304852"]
[WhiteElo "2523"]
[BlackElo "2661"]
[Result "1-0"]
[Round "07"]
[TimeControl "180+2"]
[Date "2023.01.31"]
[WhiteClock "0:01:41"]
[BlackClock "0:02:08"]

1. Nf3 g6 2. e4 Bg7 3. d4 c6 4. Nc3 d6 5. Be2 Nf6 6. O-O O-O 7. Be3 Ng4 8. Bg5 h6 9. Bc1 Nd7 10. h3 Ngf6 11. e5 Nd5 12. Nxd5 cxd5 13. exd6 exd6 14. c3 Nf6 15. Bd3 Ne4 16. Qb3 Qa5 17. Bf4 Be6 18. Rfe1 Qc7 19. Qa3 Qc6 20. Nd2 Nxd2 21. Bxd2 g5 22. Re2 Rfe8 23. Rae1 Bf6 24. Qb3 a6 25. a4 Kg7 26. f4 Qd7 27. f5 Bxf5 28. Bxf5 Qxf5 29. Rxe8 Rxe8 30. Rxe8 Qd3 31. Qd1 1-0


[Site "https://www.chess.com"]

[Event "Titled Tuesday Blitz January 31 Early 2023"]
[White "Belozerov, Andrei"]
[Black "Rakhmatullaev, Almas"]
[WhiteFideId "4120213"]
[BlackFideId "14205793"]
[WhiteElo "2461"]
[BlackElo "2275"]
[Result "1-0"]
[Round "07"]
[TimeControl "180+2"]
[Date "2023.01.31"]
[WhiteClock "0:00:07"]
[BlackClock "0:00:04"]

1. e4 e5 2. Nf3 Nf6 3. Nxe5 Nxe4 4. Qe2 Qe7 5. Qxe4 d6 6. d4 dxe5 7. dxe5 Nc6 8. Nc3 Qxe5 9. Qxe5+ Nxe5 10. Bf4 Bd6 11. Bg3 f6 12. O-O-O Bd7 13. Nb5 Bxb5 14. Bxb5+ Kf7 15. Rhe1 Rad8 16. f4 Ng6 17. Bc4+ Kf8 18. f5 Ne7 19. Be6 h5 20. Bxd6 cxd6 21. h4 Rh6 22. Re4 g6 23. Red4 d5 24. fxg6 Rxg6 25. Bxd5 Nf5 26. Re4 Rxg2 27. Bxb7 Rxd1+ 28. Kxd1 Rh2 29. Bc8 Nxh4 30. Re3 Rf2 31. Rh3 Rf4 32. Ke2 Kg7 33. Ba6 Kh6 34. Bd3 Rg4 35. c4 f5 36. c5 f4 37. c6 f3+ 38. Rxf3 Nxf3 39. Kxf3 Rg7 40. Bf5 Rc7 41. Bd7 Kg5 42. Ke4 h4 43. Kd5 Kf6 44. Kd6 h3 45. Bxh3 Rh7 46. Bd7 1-0


[Site "https://www.chess.com"]

[Event "Titled Tuesday Blitz January 31 Early 2023"]
[White "Kukhmazov, Arsen"]
[Black "Piesik, Piotr"]
[WhiteFideId "24108260"]
[BlackFideId "1136194"]
[WhiteElo "2512"]
[BlackElo "2426"]
[Result "1-0"]
[Round "07"]
[TimeControl "180+2"]
[Date "2023.01.31"]
[WhiteClock "0:00:43"]
[BlackClock "0:00:03"]

1. Nf3 g6 2. c4 Bg7 3. d4 d6 4. Nc3 Nd7 5. g3 e5 6. Bg2 Ngf6 7. O-O O-O 8. e4 c6 9. h3 Re8 10. Be3 exd4 11. Nxd4 Nc5 12. Qc2 Nfd7 13. Rad1 Qe7 14. Rfe1 Ne5 15. b3 Ne6 16. Nde2 f5 17. exf5 gxf5 18. Qxf5 Nd4 19. Qe4 Bf5 20. Qxd4 Nf3+ 21. Bxf3 Bxd4 22. Nxd4 Bxh3 23. Ne4 Qf8 24. Ng5 Bf5 25. Nxf5 Qxf5 26. Rxd6 Rxe3 27. Rxe3 Qxg5 28. Rd7 Rd8 29. Rxb7 h5 30. Bxc6 h4 31. Bd5+ Kh8 32. Ree7 Qh5 33. Rxa7 hxg3 34. Rh7+ Qxh7 35. Rxh7+ Kxh7 36. fxg3 Kg6 37. Kf2 Kf6 38. Ke3 Ke5 39. Kd3 Rd7 40. a4 Rg7 41. Kc3 Rxg3+ 42. Kb4 Kd6 43. a5 Kc7 44. Ka4 Kb8 45. b4 Ka7 46. b5 Rg1 47. Be6 Rc1 48. Kb4 Rb1+ 49. Kc5 Ra1 50. Kc6 Rxa5 51. Kc7 Ka8 52. Bd5+ Ka7 53. b6+ Ka6 54. Bb7# 1-0


[Site "https://www.chess.com"]

[Event "Titled Tuesday Blitz January 31 Early 2023"]
[White "Antonica, Dragos-Andrei"]
[Black "Cherniaiev, Tykhon"]
[WhiteFideId "1246372"]
[BlackFideId "14182360"]
[WhiteElo "2373"]
[BlackElo "2330"]
[Result "0-1"]
[Round "07"]
[TimeControl "180+2"]
[Date "2023.01.31"]
[WhiteClock "0:00:04"]
[BlackClock "0:00:25"]

1. d4 Nf6 2. c4 e6 3. Nc3 d5 4. Bg5 Be7 5. e3 O-O 6. Nf3 c5 7. cxd5 exd5 8. Bd3 Nc6 9. dxc5 Bxc5 10. O-O Be6 11. Ne2 h6 12. Bh4 Bg4 13. Rc1 Bb6 14. Bg3 Re8 15. Qa4 Ne4 16. Rfd1 Qf6 17. Nf4 Rad8 18. Nxd5 Rxd5 19. Bxe4 Ra5 20. Qc2 Rxa2 21. Rd2 Ba5 22. Re2 Nb4 23. Qb1 Bb6 24. h3 Bh5 25. Rd2 Qe7 26. Bd5 Ra5 27. e4 Nxd5 28. exd5 Bg6 29. d6 Qd7 30. Rcc2 Rc5 31. Ne5 Rcxe5 32. Bxe5 Rxe5 33. Qc1 Bxc2 34. Qxc2 Re1+ 35. Kh2 Re6 36. Qd3 Rxd6 37. Qxd6 Bc7 38. Qxc7 Qxc7+ 39. g3 Qc1 0-1


[Site "https://www.chess.com"]

[Event "Titled Tuesday Blitz January 31 Early 2023"]
[White "Wong, Yinn Long"]
[Black "Jakubowski, Krzysztof"]
[WhiteFideId "5707684"]
[BlackFideId "1112848"]
[WhiteElo "2371"]
[BlackElo "2486"]
[Result "0-1"]
[Round "07"]
[TimeControl "180+2"]
[Date "2023.01.31"]
[WhiteClock "0:00:09"]
[BlackClock "0:00:06"]

1. e4 c5 2. Nc3 e6 3. g3 a6 4. Bg2 b5 5. d3 Bb7 6. Nh3 Nc6 7. O-O d6 8. f4 Nf6 9. f5 e5 10. Bg5 Be7 11. Qd2 h6 12. Bxf6 Bxf6 13. Nd5 Nb8 14. Nxf6+ Qxf6 15. a4 b4 16. c3 Nc6 17. Nf2 Qg5 18. Qxg5 hxg5 19. f6 g6 20. Nh3 g4 21. Nf2 Bc8 22. Nd1 Be6 23. Ne3 Rb8 24. c4 b3 25. Rf2 Nd4 26. Ra3 Kd7 27. Bf1 Rh5 28. Ra1 Nf3+ 29. Kh1 Rbh8 30. h3 Rxh3+ 31. Bxh3 Rxh3+ 32. Kg2 Rh2+ 33. Kf1 Rh1+ 34. Ke2 Rxa1 35. Nd1 Rc1 36. Rf1 Rc2+ 37. Ke3 Rg2 38. Rh1 Rxg3 39. Kf2 Rh3 40. Rxh3 gxh3 41. Kxf3 a5 42. Ne3 Ke8 43. Kg3 Bd7 44. Nd5 Bxa4 45. Kxh3 Bd7+ 46. Kh4 a4 47. Nc3 Kd8 48. Kg5 Kc7 49. Nb1 Kb6 50. Na3 Bh3 51. Nb5 Kc6 52. Na7+ Kd7 53. Nb5 Bf1 54. Na3 Bxd3 55. Kh6 Bxe4 56. Kg7 Ke6 57. Nb5 a3 58. bxa3 b2 59. Nc7+ Kf5 60. Kxf7 b1=Q 61. Ne8 Qb7+ 62. Kg8 Bc6 63. f7 Qxf7+ 64. Kxf7 Bxe8+ 65. Kxe8 e4 66. a4 e3 67. a5 e2 68. a6 e1=Q+ 69. Kd7 Qa1 70. Kc7 Qxa6 0-1


[Site "https://www.chess.com"]